 Dungeon Crawl Stone Soup version 0.22.1-2-g9c5b331 (webtiles) character file.

88167 toffzen the Devastator (level 15, -6/95 HPs)
             Began as a Tengu Air Elementalist on Dec 23, 2018.
             Was a High Priest of Sif Muna.
             Mangled by an orc warrior
             ... wielding a +0 trident
              (28 damage)
             ... on level 10 of the Dungeon on Dec 28, 2018.
             The game lasted 01:39:55 (32320 turns).

toffzen the Devastator (Tengu Air Elementalist)    Turns: 32320, Time: 01:39:55

Health: -6/95      AC:  7    Str: 12    XL:     15   Next: 93%
Magic:  38/41      EV: 24    Int: 25    God:    Sif Muna [*****.]
Gold:   1752       SH:  0    Dex: 15    Spells: 12/39 levels left

rFire    . . .     SeeInvis .   a - staff of energy
rCold    . . .     Gourm    .   (no shield)
rNeg     . . .     Faith    .   O - +1 robe {Archmagi}
rPois    +         Spirit   .   S - +0 hat
rElec    .         Reflect  .   u - +2 cloak of Cowardice {*Slow rPois Str+3 Int+4}
rCorr    .         Harm     .   h - +0 pair of gloves
MR       ++...                  (boots unavailable)
Stlth    ++........             v - amulet of magic regeneration
HPRegen  0.25/turn              D - ring of magical power
MPRegen  0.52/turn              e - ring of protection from magic

@: flying quickly and evasively, divine energy, quick
A: beak, talons 3, able to fly 2
a: Stop Flying, Stop Divine Energy, Channel Magic, Forget Spell, Renounce
Religion


You were on level 10 of the Dungeon.
You worshipped Sif Muna.
Sif Muna was extremely pleased with you.
You were not hungry.

You visited 3 branches of the dungeon, and saw 22 of its levels.

You collected 1840 gold pieces.
You spent 88 gold pieces at shops.

Inventory:

Hand Weapons
 Q - the +1 hunting sling "Buluon" {freeze, Int+4 Dex+4}
   (You found it on level 2 of the Lair of Beasts)

   It causes projectiles fired from it to freeze those they strike, causing
   extra injury to most foes and up to half again as much damage against
   particularly susceptible opponents.
   They can also slow down cold-blooded creatures.
   It affects your intelligence (+4).
   It affects your dexterity (+4).
 U - the +7 great sword of the Heavens {speed, rC+}
   (You found it on level 3 of the Lair of Beasts)

   Attacks with this weapon are significantly faster.
   It protects you from cold.
Missiles
 g - 695 stones (quivered)
 j - 90 poisoned needles
Armour
 h - a +0 pair of gloves (worn)
 u - the +2 cloak of Cowardice (worn) {*Slow rPois Str+3 Int+4}
   (You found it on level 4 of the Dungeon)

   It affects your strength (+3).
   It affects your intelligence (+4).
   It protects you from poison.
   It may slow you when you take damage.
 G - the +3 ring mail of Yfustrure {rF- MR+ Int+9 Dex+4, unknown}
   (You found it on level 14 of the Dungeon)

   It affects your intelligence (+9).
   It affects your dexterity (+4).
   It makes you vulnerable to fire.
   It affects your resistance to hostile enchantments.
 I - a +2 robe of magic resistance
 O - a +1 robe of the Archmagi (worn)
 S - a +0 hat (worn)
Magical Staves
 a - an uncursed staff of energy (weapon)
Jewellery
 e - a ring of protection from magic (right hand)
 t - the ring "Diosmyl" {Fire Int+2 Dex+2}
   (You found it on level 3 of the Lair of Beasts)

   [ring of fire]

   It enhances your fire magic.
   It affects your intelligence (+2).
   It affects your dexterity (+2).
   It protects you from fire.
   It makes you vulnerable to cold.
 v - an amulet of magic regeneration (around neck)
 D - a ring of magical power (left hand)
 F - a cursed -3 ring of evasion {unknown}
 W - an uncursed amulet of the gourmand
Wands
 p - a wand of acid (15)
 w - a wand of flame (6)
 y - a wand of enslavement (28)
 E - a wand of iceblast (18)
 K - a wand of digging (15)
Scrolls
 f - 4 scrolls of enchant armour
 i - 17 scrolls of remove curse
 o - 4 scrolls of magic mapping
 q - a scroll of acquirement
 r - 3 scrolls of immolation
 s - 6 scrolls of amnesia
 x - a scroll of fog
 B - a scroll of vulnerability
 J - a scroll of torment {unknown}
 P - a scroll of fear {unknown}
 X - 4 scrolls of blinking
 Y - 2 scrolls of teleportation
 Z - a scroll of summoning
Potions
 b - 8 potions of heal wounds
 d - 12 potions of curing
 k - 4 potions of haste
 l - 2 potions of resistance
 m - 3 potions of ambrosia
 n - 4 potions of agility
 z - a potion of cancellation
 C - 4 potions of might
 L - 3 potions of brilliance
 M - 2 potions of magic
 R - 2 potions of lignification
 T - 2 potions of mutation
Comestibles
 c - 33 rations
 A - 3 chunks of flesh


   Skills:
 + Level 11.5 Fighting
 + Level 11.6 Dodging
 - Level 2.0 Stealth
 + Level 12.6 Spellcasting
 + Level 16.6 Conjurations
 + Level 6.0 Fire Magic
 - Level 14.3 Air Magic
 + Level 4.2 Earth Magic


You had 12 spell levels left.
You knew the following spells:

 Your Spells              Type           Power        Failure   Level  Hunger
a - Shock                 Conj/Air       ####         0%          1    None
b - Lightning Bolt        Conj/Air       #######...   1%          5    None
c - Airstrike             Air            #######...   1%          4    None
d - Iskenderun's Mystic   Conj           #######.     1%          4    None
e - Conjure Ball Lightni  Conj/Air       #######...   1%          6    None
f - Bolt of Magma         Conj/Fire/Erth ######....   2%          5    None
g - Blink                 Tloc           N/A          6%          2    None

Your spell library contained the following spells:

 Spells                   Type           Power        Failure   Level  Hunger
 Magic Dart               Conj           ####         0%          1    None
 Searing Ray              Conj           ######       0%          2    None
 Sandblast                Erth           ######       1%          1    None
 Poisonous Vapours        Pois/Air       ######       1%          2    None
 Swiftness                Chrm/Air       ######..     1%          2    None
 Throw Frost              Conj/Ice       ######       1%          2    None
 Conjure Flame            Conj/Fire      #######.     1%          3    None
 Dazzling Spray           Conj/Hex       ######       1%          3    None
 Mephitic Cloud           Conj/Pois/Air  #######.     1%          3    None
 Static Discharge         Conj/Air       #######.     1%          3    None
 Stone Arrow              Conj/Erth      ######       1%          3    None
 Force Lance              Conj/Tloc      ######..     1%          4    None
 Fulminant Prism          Conj/Hex       ######....   1%          4    None
 Sticky Flame             Conj/Fire      #######.     1%          4    None
 Throw Icicle             Conj/Ice       ######..     1%          4    None
 Passwall                 Tmut/Erth      #####...     2%          2    None
 Animate Skeleton         Necr           N/A          3%          1    None
 Apportation              Tloc           ###...       3%          1    None
 Confusing Touch          Hex            ###...       3%          1    None
 Corona                   Hex            ###....      3%          1    None
 Pain                     Necr           ###.         3%          1    None
 Summon Small Mammal      Summ           ###.         3%          1    None
 Inner Flame              Hex/Fire       #####...     3%          3    None
 Irradiate                Conj/Tmut      ######....   3%          5    None
 Iskenderun's Battlesphe  Conj/Chrm      ######..     3%          5    None
 Ignite Poison            Fire/Tmut/Pois #####...     4%          3    None
 Ensorcelled Hibernation  Hex/Ice        ###...       6%          2    None
 Shroud of Golubria       Chrm/Tloc      ###.......   6%          2    None
 Slow                     Hex            ###.....     6%          2    None
 Freezing Cloud           Conj/Ice/Air   #######...   9%          6    None
 Confuse                  Hex            ###.....     12%         3    None
 Gell's Gravitas          Tloc           ###.......   12%         3    None
 Lesser Beckoning         Tloc           ###.......   12%         3    None
 Portal Projectile        Hex/Tloc       ###...       12%         3    None
 Regeneration             Chrm/Necr      ###.......   12%         3    None
 Teleport Other           Tloc           ###.....     12%         3    None
 Tukima's Dance           Hex            ###.....     12%         3    None
 Vampiric Draining        Necr           ###.......   12%         3    None
 Leda's Liquefaction      Hex/Erth       #####.....   16%         4    None
 Petrify                  Tmut/Erth      #####...     16%         4    None
 Lee's Rapid Deconstruct  Erth           ######....   19%         5    None
 Animate Dead             Necr           N/A          36%         4    None
 Cause Fear               Hex            ###.......   36%         4    None
 Passage of Golubria      Tloc           N/A          36%         4    None
 Statue Form              Tmut/Erth      #####....    94%         6    None
 Hydra Form               Tmut           ###.......   99%         6    None
 Dragon Form              Tmut           ###.......   100%        7    None
 Haunt                    Necr/Summ      ###.......   100%        7    None
 Ring of Flames           Chrm/Fire      #####.....   100%        7    None
 Ignition                 Fire           ######....   100%        8    None
 Dragon's Call            Summ           ###.......   100%        9    None
 Fire Storm               Conj/Fire      #######...   100%        9    None
 Shatter                  Erth           ######....   100%        9    None
 Tornado                  Air            #######...   100%        9    None


Dungeon Overview and Level Annotations

Branches:
Dungeon (15/15)            Temple (0/1) D:6            Lair (6/6) D:9
  Swamp (0/4) Lair:3        Snake (0/4) Lair:3        Slime (0/5) Lair:5
    Orc (1/2) D:10         Vaults (0/5) D:14         Depths (0/5) D:15

Altars:
Cheibriados
Dithmenos
Kikubaaqudgha
Makhleb
Nemelex Xobeh
Qazlal
Ru
Sif Muna
Xom
Zin
The Shining One

Shops:
D:9 !*   D:13 %

Annotations:
D:14 exclusion: Roxanne, Roxanne
Lair:1 1 runed door, Paps's ghost, journeyman DsBe
Lair:3 Fannar; RoboWizard's ghost, journeyman DsBe


Innate Abilities, Weirdness & Mutations

You have a beak for a mouth.
You have claws for feet.
You can fly continuously.


Message History

Casting: Lightning Bolt (safe; 1% risk of failure)
Confirm with . or Enter, or press ? or * to list all spells.
Aiming: Lightning Bolt (safe; 1% risk of failure)
Press: ? - help, Shift-Dir - straight line You feel a surge of power!
You hear a mighty clap of thunder!
The bolt of lightning hits the orc knight.
The orc knight is heavily wounded.
The bolt of lightning hits the orc knight.
The orc knight appears unharmed.
The orc knight is heavily wounded.
The orc knight hits you with a great sword of slicing!!
* * * LOW HITPOINT WARNING * * *
x2 The orc warrior closely misses you.
Okay, then.
Okay, then.
The orc knight roars a battlecry!
The orc warrior goes into a battle-frenzy!
The orc warrior hits you from afar with a trident!!
You die...

.# #.......# #...##..##.....[...
.# ######### #.####..##.....[.##
(######.#.#####..# #..##.....(.#
...#..#.#........###..##..[....#
.#....##..#######.##...........#
.##.........##..#.##...........#
.#.#.#.#.###..###.##...........#
.##...##..#.##....##...........#
.##.#.#....#.[#.@.##...........#
.#####..##........##...........##
.# #.#...###.o.####.............
.####.###.##..#o# #[...<........
.##.........>.[.####...........##
.###..#.##...####.##.####†.....#
.##.#.##.##.#.##..##.# #......#
.##.##.#.#..##.##..#.# #..<...#
.##.#.....#.......##.# #.....[##


You could see an orc knight and an orc warrior.

Vanquished Creatures
  Frances (D:12)
  Gastronok (Lair:2)
  An orc warlord (D:11)
  A dire elephant (Lair:6)
  Snorg (Lair:3)
  2 ettins
  Josephine (D:10)
  6 hydras
  A vault guard (D:14)
  A centaur warrior (D:15)
  Erica (D:10)
  2 catoblepae
  A death knight (D:15)
  2 tengu warriors
  6 two-headed ogres
  A deep troll shaman (Lair:6)
  10 death yaks
  Nergalle (Lair:3)
  10 skeletal warriors
  3 unseen horrors
  A flayed ghost (D:12)
  A phantasmal warrior (D:15)
  A wizard (D:12)
  An orc knight (D:15)
  2 deep elf magi
  13 ugly things
  3 manticores
  2 oklob plants (Lair:6)
  4 cyclopes
  Maurice (D:10)
  6 elephants (Lair:6)
  A molten gargoyle (Lair:4)
  2 black mambas
  9 spiny frogs
  3 gargoyles
  6 komodo dragons
  An efreet (D:14)
  A freezing wraith (D:15)
  A tengu conjurer (D:15)
  A merfolk (shapeshifter) (D:14)
  A polar bear (Lair:6)
  5 trolls
  A hornet (D:9)
  6 meliai (D:15)
  Grinder (D:5)
  8 hippogriffs
  A blink frog (shapeshifter) (D:15)
  24 blink frogs
  A shadow (D:12)
  10 slime creatures
  A meliai zombie (D:13)
  A centaur simulacrum (D:15)
  2 water elementals (D:13)
  38 yaks
  6 wraiths
  A wyvern (D:11)
  Grum (D:9)
  4 basilisks
  4 vampire mosquitoes
  3 hungry ghosts
  Edmund (D:6)
  A naga (Lair:3)
  2 wargs (D:12)
  14 water moccasins
  6 porcupines
  4 black bears
  10 orc warriors
  3 ice beasts
  3 sky beasts
  A necrophage (D:12)
  5 ogres
  9 phantoms
  3 centaurs
  10 wolves
  9 crocodiles
  3 big kobolds (D:5)
  11 bullfrogs
  2 gnoll sergeants
  2 wyvern skeletons
  A water moccasin skeleton (D:7)
  3 scorpions
  2 troll zombies (D:10)
  9 howler monkeys
  8 wights
  7 electric eels
  4 crimson imps
  2 centaur zombies
  2 quasits
  A lava snake (Lair:4)
  6 hounds
  A bullfrog skeleton (D:11)
  2 bullfrog zombies
  4 centaur skeletons
  9 orc priests
  13 jellies
  11 orc wizards
  4 iguanas
  Ijyb (D:5)
  11 worker ants
  4 ogre zombies (D:10)
  A hound skeleton (D:7)
  A worker ant zombie (D:10)
  9 gnolls
  13 adders
  4 shadow imps
  15 oozes
  2 adder skeletons
  3 adder zombies
  4 worms
  3 dart slugs
  6 leopard geckos
  41 orcs
  3 giant cockroaches
  11 goblins
  10 hobgoblins
  15 kobolds
  8 quokkas
  2 ball pythons (D:2)
  5 bats
  5 frilled lizards
  3 goblin zombies (D:10)
  A hobgoblin zombie (D:10)
  A jackal skeleton (D:4)
  A jackal zombie (D:6)
  5 orc skeletons (D:10)
  10 orc zombies (D:10)
  A quokka skeleton (D:4)
  9 rats
  A fungus (Lair:6)
  2 plants (Lair:6)
631 creatures vanquished.

Vanquished Creatures (collateral kills)
  A ball lightning (D:12)
1 creature vanquished.

Vanquished Creatures (others)
  8 ball lightnings
  A wolf (Lair:5)
  A jelly (D:14)
  A bush (Lair:6)
  19 fungi
  19 plants
  13 toadstools
62 creatures vanquished.

Grand Total: 694 creatures vanquished

Notes
Turn   | Place    | Note
-------+----------+-------------------------------------------
     0 | D:1      | toffzen the Tengu Air Elementalist began the quest for the
                  | Orb.
     0 | D:1      | Reached XP level 1. HP: 10/10 MP: 4/4
    92 | D:1      | Reached skill level 2 in Conjurations
    92 | D:1      | Reached XP level 2. HP: 13/15 MP: 0/6
   929 | D:2      | Reached XP level 3. HP: 19/19 MP: 5/7
  1376 | D:2      | Reached skill level 3 in Conjurations
  1439 | D:2      | Found a shimmering altar of Xom.
  1453 | D:2      | Reached skill level 5 in Air Magic
  1583 | D:2      | Reached XP level 4. HP: 24/24 MP: 2/8
  1884 | D:2      | Found a snail-covered altar of Cheibriados.
  2166 | D:3      | Found a glowing silver altar of Zin.
  2796 | D:3      | Gained mutation: You can fly. [Tengu growth]
  2796 | D:3      | Reached XP level 5. HP: 28/28 MP: 3/10
  2953 | D:3      | Reached skill level 4 in Conjurations
  3146 | D:3      | Found a faded altar of an unknown god.
  3240 | D:3      | Learned a level 5 spell: Lightning Bolt
  3466 | D:4      | Reached skill level 1 in Fighting
  3807 | D:4      | Got a faintly glowing cloak
  3813 | D:4      | Identified the +2 cloak of Cowardice {*Slow rPois Str+3
                  | Int+4} (You found it on level 4 of the Dungeon)
  3855 | D:4      | Reached XP level 6. HP: 34/34 MP: 6/11
  3962 | D:4      | Learned a level 4 spell: Airstrike
  4067 | D:4      | Reached skill level 5 in Conjurations
  4596 | D:4      | Found a deep blue altar of Sif Muna.
  4722 | D:4      | Became a worshipper of Sif Muna the Loreminder
  5277 | D:5      | Entered Level 5 of the Dungeon
  5289 | D:5      | Reached XP level 7. HP: 40/40 MP: 2/12
  5650 | D:5      | Found a shadowy altar of Dithmenos.
  6091 | D:5      | Reached skill level 6 in Conjurations
  6167 | D:5      | Noticed Grinder
  6169 | D:5      | Paralysed by Grinder for 4 turns
  6217 | D:5      | Killed Grinder
  6295 | D:5      | Reached XP level 8. HP: 41/45 MP: 3/14
  6432 | D:5      | Learned a level 4 spell: Iskenderun's Mystic Blast
  6474 | D:5      | Noticed Ijyb
  6477 | D:5      | Killed Ijyb
  6545 | D:5      | Reached * piety under Sif Muna
  6545 | D:5      | Reached skill level 7 in Conjurations
  6815 | D:5      | Noticed a slime creature
  6833 | D:5      | Killed a slime creature
  6940 | D:5      | Reached skill level 8 in Conjurations
  6976 | D:5      | Noticed a slime creature
  7022 | D:5      | Killed a slime creature
  7022 | D:5      | Reached XP level 9. HP: 47/52 MP: 9/16
  7128 | D:5      | Reached ** piety under Sif Muna
  7413 | D:6      | Noticed Edmund
  7427 | D:6      | Killed Edmund
  7427 | D:6      | Reached skill level 9 in Conjurations
  7778 | D:6      | Found a staircase to the Ecumenical Temple.
  8215 | D:7      | Found a stormy altar of Qazlal.
  8335 | D:7      | Reached skill level 10 in Air Magic
  8516 | D:7      | Reached skill level 5 in Spellcasting
  8900 | D:7      | Reached *** piety under Sif Muna
  8964 | D:7      | Reached skill level 10 in Conjurations
  9163 | D:7      | Found a burning altar of Makhleb.
  9163 | D:7      | Found an ancient bone altar of Kikubaaqudgha.
  9171 | D:7      | Found a faded altar of an unknown god.
  9173 | D:7      | Found a glowing golden altar of the Shining One.
  9176 | D:7      | Found a faded altar of an unknown god.
  9695 | D:8      | Reached skill level 5 in Fighting
  9915 | D:8      | Reached XP level 10. HP: 59/59 MP: 5/19
 10482 | D:9      | Noticed a two-headed ogre
 10488 | D:9      | Killed a two-headed ogre
 10659 | D:9      | Found a sparkling altar of Nemelex Xobeh.
 10823 | D:9      | Found Nestron's Distillery.
 10842 | D:9      | Bought a potion of heal wounds for 55 gold pieces
 10842 | D:9      | Bought a potion of curing for 33 gold pieces
 10855 | D:9      | Noticed a death yak
 10855 | D:9      | Noticed a death yak
 10887 | D:9      | Reached **** piety under Sif Muna
 10887 | D:9      | Reached skill level 11 in Conjurations
 11061 | D:9      | Found a staircase to the Lair.
 11061 | D:9      | Noticed a death yak
 11062 | D:9      | Noticed a death yak
 11085 | D:9      | Killed a death yak
 11174 | D:9      | Noticed a death yak
 11194 | D:9      | Killed a death yak
 11531 | D:9      | Found Poodyng's General Store.
 11576 | D:9      | Reached XP level 11. HP: 64/64 MP: 16/21
 11827 | D:9      | Killed a death yak
 11827 | D:9      | Reached skill level 12 in Conjurations
 12024 | D:9      | Killed a death yak
 12027 | D:9      | Reached skill level 5 in Dodging
 12087 | D:9      | Killed a death yak
 12321 | Lair:1   | Entered Level 1 of the Lair of Beasts
 12333 | Lair:1   | Reached ***** piety under Sif Muna
 12418 | Lair:1   | Received a gift from Sif Muna
 13133 | Lair:1   | Noticed Paps's ghost (journeyman DsBe)
 13174 | Lair:1   | Found a runed door.
 13634 | Lair:2   | Noticed Gastronok
 13654 | Lair:2   | Got a crystal hunting sling
 13684 | Lair:2   | Killed Gastronok
 13684 | Lair:2   | Reached skill level 13 in Conjurations
 13826 | Lair:2   | Identified the cursed +1 hunting sling "Buluon" {freeze,
                  | Int+4 Dex+4} (You found it on level 2 of the Lair of
                  | Beasts)
 14225 | Lair:3   | Reached XP level 12. HP: 72/72 MP: 0/24
 14454 | Lair:3   | Found a staircase to the Snake Pit.
 14462 | Lair:3   | Got a brightly glowing bone ring
 14474 | Lair:3   | Identified the ring "Diosmyl" {Fire Int+2 Dex+2} (You found
                  | it on level 3 of the Lair of Beasts)
 14810 | Lair:3   | Noticed Nergalle
 14819 | Lair:3   | Noticed Fannar
 14907 | Lair:3   | Noticed Snorg
 14914 | Lair:3   | Killed Snorg
 14991 | Lair:3   | Found a staircase to the Swamp.
 15083 | Lair:3   | Got a slimy great sword
 15091 | Lair:3   | Identified the +7 great sword of the Heavens {speed, rC+}
                  | (You found it on level 3 of the Lair of Beasts)
 15116 | Lair:3   | Killed Nergalle
 15209 | Lair:3   | Noticed RoboWizard's ghost (journeyman DsBe)
 15311 | Lair:3   | Noticed a four-headed hydra
 15317 | Lair:3   | Killed a four-headed hydra
 16252 | Lair:5   | Found a staircase to the Slime Pits.
 16533 | Lair:5   | Noticed a catoblepas
 16541 | Lair:5   | Killed a catoblepas
 16541 | Lair:5   | Identified Oddishryri's Papyrus of Mutagenic Combat Magic
                  | (Sif Muna gifted it to you on level 5 of the Lair of
                  | Beasts)
 16541 | Lair:5   | Received a gift from Sif Muna
 17137 | Lair:6   | Entered Level 6 of the Lair of Beasts
 17416 | Lair:6   | Reached skill level 14 in Conjurations
 17505 | Lair:6   | Reached XP level 13. HP: 37/79 MP: 0/27
 18524 | Lair:6   | Reached skill level 10 in Spellcasting
 20161 | Lair:6   | Identified Sif Muna's Guide on Excruciating Evil (Sif Muna
                  | gifted it to you on level 6 of the Lair of Beasts)
 20161 | Lair:6   | Received a gift from Sif Muna
 20170 | Lair:6   | Learned a level 6 spell: Conjure Ball Lightning
 20510 | Lair:6   | Noticed a dire elephant
 20544 | Lair:6   | Killed a dire elephant
 20615 | Lair:6   | Reached skill level 15 in Conjurations
 20805 | Lair:6   | Gained mutation: You can fly continuously. [Tengu growth]
 20805 | Lair:6   | Reached XP level 14. HP: 69/87 MP: 3/30
 21375 | D:10     | Entered Level 10 of the Dungeon
 21466 | D:10     | Noticed Grum
 21469 | D:10     | Noticed Maurice
 21585 | D:10     | Noticed Josephine
 21596 | D:10     | Killed Josephine
 22157 | D:10     | Killed Maurice
 22247 | D:10     | Identified a scroll of acquirement
 22268 | D:10     | Reached skill level 10 in Fighting
 22298 | D:10     | Noticed Erica
 22301 | D:10     | Killed Erica
 22376 | D:9      | Killed Grum
 23144 | D:10     | Learned a level 5 spell: Bolt of Magma
 23426 | D:10     | Found a staircase to the Orcish Mines.
 23857 | D:11     | Reached skill level 10 in Dodging
 24069 | D:11     | Found a sacrificial altar of Ru.
 24412 | D:12     | Noticed Frances
 24459 | D:11     | Reached skill level 1 in Fire Magic
 25020 | D:12     | Reached skill level 1 in Earth Magic
 25123 | D:12     | Received a gift from Sif Muna
 25310 | D:12     | Killed Frances
 26168 | D:12     | Noticed an orc warlord
 26436 | D:11     | Killed an orc warlord
 27336 | D:13     | Found Jawoy's Food Emporium.
 28107 | D:14     | Noticed Roxanne
 28140 | D:14     | Found a frozen archway.
 28182 | D:14     | Reached XP level 15. HP: 93/93 MP: 13/32
 28190 | D:14     | Reached skill level 16 in Conjurations
 28820 | D:14     | Identified Tautat's Incunabulum of Excruciating Calling
                  | (Sif Muna gifted it to you on level 14 of the Dungeon)
 28820 | D:14     | Received a gift from Sif Muna
 29320 | D:14     | Found a flickering gateway to a bazaar.
 29355 | D:14     | Got a spiked ring mail
 29389 | D:14     | Found a gate to the Vaults.
 29858 | D:15     | Entered Level 15 of the Dungeon
 29985 | D:15     | Learned a level 2 spell: Blink
 30011 | D:15     | Reached skill level 5 in Fire Magic
 31224 | D:15     | Found a staircase to the Depths.
 32231 | Orc:1    | Entered Level 1 of the Orcish Mines
 32320 | D:10     | Mangled by an orc warrior

Skill      XL: |  1  2  3  4  5  6  7  8  9 10 11 12 13 14 15 |
---------------+----------------------------------------------+-----
Conjurations   | 2 3 4 5 6 8 10 11 13 14 15 16 | 16.6
Air Magic      | 5 6 7 9 11 12 13 14 | 14.3
Fighting       | 1 2 3 5 6 7 8 9 10 11 | 11.5
Spellcasting   | 3 4 5 6 7 9 11 12 | 12.6
Dodging        | 4 6 7 9 10 11 | 11.6
Fire Magic     | 3 6 |  6.0
Earth Magic    | 2 4 |  4.2
Stealth        | |  2.0

Action                   |  1- 3 |  4- 6 |  7- 9 | 10-12 | 13-15 || total
-------------------------+-------+-------+-------+-------+-------++-------
Melee: Short sword       |     3 |     7 |    19 |    17 |       ||    46
       Peck              |       |     2 |     1 |     4 |     2 ||     9
       Kick              |       |     1 |     1 |     6 |     4 ||    12
       Great sword       |       |       |       |     2 |       ||     2
       Staff             |       |       |       |       |     7 ||     7
 Cast: Shock             |    79 |   134 |   167 |    78 |    17 ||   475
       Airstrike         |       |    12 |    61 |   134 |   132 ||   339
       Lightning Bolt    |       |       |    14 |    75 |   540 ||   629
       Iskenderun's Myst |       |       |     8 |    48 |    70 ||   126
       Conjure Ball Ligh |       |       |       |       |     4 ||     4
       Bolt of Magma     |       |       |       |       |    11 ||    11
Invok: Divine Energy     |       |       |     1 |       |       ||     1
 Abil: Fly               |       |       |       |     3 |     2 ||     5
Evoke: Wand              |       |       |       |       |     1 ||     1
  Use: Scroll            |       |     8 |     4 |    14 |    14 ||    40
       Potion            |       |       |       |       |     3 ||     3
 Stab: Sleeping          |       |     1 |       |       |       ||     1
  Eat: Ration            |     1 |       |     5 |     8 |     5 ||    19
       Chunk             |       |    14 |    11 |    20 |    26 ||    71
Armor: Robe              |     5 |     4 |    20 |    25 |    29 ||    83
Dodge: Dodged            |    10 |    19 |    48 |    88 |   185 ||   350
       Rpst.: Great sword |       |       |       |     1 |       ||     1
